Avalanche vs Blues (R2)

Created - 21 mai 2016 at 23:18

Goals
1 2 3 T
Avalanche 0 0 0 0
Blues 0 3 2 5
Shots
1 2 3 T
Avalanche 13 9 8 30
Blues 7 14 15 36

1st period

No Goal

Penalties :
Travis Zajac (STL) for Cross-checking (Minor) at 8:51, Darren Reid (STL) for Tripping (Minor) at 12:41

2nd period

1. Blues , Jake Gardiner 1 (Joe Pavelski, Taylor Pyatt) at 9:55
2. Blues , Joe Pavelski 9 (Alex Pietrangelo) at 11:38
3. Blues , David Perron 10 (Nik Antropov, Alex Pietrangelo) at 16:07

Penalties :
Drew Fata (STL) for Hooking (Minor) at 6:05, Jake Gardiner (STL) for Cross-checking (Minor) at 12:25

3rd period

4. Blues , Jake Gardiner 2 (Nicklas Backstrom, Darren Reid) at 4:56 (PP)
5. Blues , Paul Kariya 3 (Jake Gardiner, Alex Pietrangelo) at 5:32 (PP)

Penalties :
Ryan Smyth (Col) for Tripping (Minor) at 4:01, Mike Comrie (Col) for Tripping (Minor) at 4:41, Ryan Whitney (STL) for Hooking (Minor) at 6:38, Lasse Kukkonen (STL) for Hooking (Minor) at 13:57, Bryce Lampman (STL) for Hooking (Minor) at 17:33, Corey Perry (Col) for Tripping (Minor) at 17:50

Goalie Stats

Jimmy Howard (Col), 31 saves from 36 shots - (0,861), L, 9-2-0, 60:00 minutes
Tuukka Rask (STL), 30 saves from 30 shots - (1,000), W, 9-5-1, 60:00 minutes

Players Stats for Avalanche

Player Name              G  A  P  +/- PIM S  H  SB GA TA FO     MP     PP MP  PK MP  
------------------------------------------------------------------------------------
Andrei Kostitsyn         0  0  0   0  0   2  3  1  2  1  1/3    21:08   6:52   0:00 
Andrew Ladd              0  0  0  -2  0   2  2  0  0  0  1/1     9:28   0:01   0:01 
Brandon Yip              0  0  0  -2  0   4  0  0  0  0  0/0     8:41   0:01   0:00 
Bryan Little             0  0  0   0  0   3  0  1  0  0  9/17   20:08   5:18   0:15 
Chuck Kobasew            0  0  0  -1  0   0  0  1  0  0  0/0     9:26   0:00   1:32 
Corey Perry              0  0  0   0  2   5  0  0  0  0  2/3    20:12   6:51   0:00 
Jack Johnson             0  0  0   0  0   3  2  1  0  1  0/0    28:53   7:38   0:52 
Jason Pominville         0  0  0   0  0   0  3  1  1  0  0/1    19:42   5:18   0:00 
John-Michael Liles       0  0  0  -3  0   1  0  1  1  0  0/0    12:09   4:49   0:00 
Michal Handzus           0  0  0  -2  0   1  1  0  0  0  3/7     8:17   0:00   0:00 
Mike Comrie              0  0  0  -1  2   1  1  1  0  0  2/2     8:49   0:00   0:55 
Mikkel Boedker           0  0  0  -1  0   0  0  0  0  0  0/1     9:13   0:01   0:22 
Pernell Karl Subban      0  0  0   0  0   1  1  2  0  0  0/0    25:17   5:50   0:56 
Ryan Getzlaf             0  0  0   0  0   3  0  0  0  1  10/30  21:10   6:52   0:15 
Ryan Smyth               0  0  0   0  2   4  1  0  0  1  0/0    19:58   5:18   0:00 
Sergei Gonchar           0  0  0   0  0   0  1  0  0  0  0/0    21:27   4:39   0:00 
Shane O'Brien            0  0  0   0  0   0  4  1  0  1  0/0    19:04   1:26   1:32 
Tim Ramholt              0  0  0  -3  0   0  1  0  0  0  0/0    13:10   0:00   0:16 

Players Stats for Blues

Player Name              G  A  P  +/- PIM S  H  SB GA TA FO     MP     PP MP  PK MP  
------------------------------------------------------------------------------------
Alex Pietrangelo         0  3  3   2  0   2  0  0  0  0  0/0    25:32   1:35   5:05 
Bryce Lampman            0  0  0   3  2   1  1  0  0  0  0/0    24:26   0:00   6:33 
Darren Reid              0  1  1   0  2   2  0  1  0  0  1/1    11:44   0:43   0:00 
David Perron             1  0  1   3  0   5  3  0  1  1  0/0    19:18   1:05   0:17 
Drew Fata                0  0  0   1  2   2  0  1  0  0  0/0    19:24   0:13   4:17 
Guillaume Latendresse    0  0  0   0  0   1  3  0  0  0  0/0    15:07   0:00   3:37 
Jake Gardiner            2  1  3   0  2   4  1  0  0  0  0/0    17:52   1:35   1:44 
Joe Pavelski             1  1  2   3  0   4  3  1  2  0  0/1    16:46   1:05   0:00 
Lasse Kukkonen           0  0  0   0  2   1  0  0  0  1  0/0    19:25   0:13   5:43 
Lee Stempniak            0  0  0   0  0   1  0  1  0  0  0/1     8:26   0:00   0:00 
Nicklas Backstrom        0  1  1   0  0   2  0  0  0  0  10/16  17:35   0:43   0:51 
Nik Antropov             0  1  1   0  0   2  1  1  0  1  9/14   16:09   0:00   7:02 
Paul Kariya              1  0  1   0  0   2  3  1  0  0  1/1     9:57   0:43   0:00 
Ryan Whitney             0  0  0   0  2   0  1  1  1  0  0/0    13:31   0:00   1:00 
Sergei Shirokov          0  0  0   0  0   0  0  0  0  0  0/0     4:26   0:00   1:28 
Taylor Pyatt             0  1  1   0  0   3  2  0  0  0  0/1    15:28   0:00   7:02 
Travis Zajac             0  0  0   3  2   2  1  0  1  0  14/26  18:14   1:05   0:00 
Tyler Arnason            0  0  0   0  0   2  0  0  0  1  2/4    12:40   0:00   4:05 

3 Stars

1 - Tuukka Rask (STL)
2 - Joe Pavelski (STL)
3 - Jake Gardiner (STL)

Power Play

Avalanche - 0 on 7 Attempt(s) - 0,00%
Blues - 2 on 3 Attempt(s) - 66,67%

Penalty Kill

Avalanche - 1 on 3 Attempt(s) - 33,33% - Score 0 goal in Penalty Kill
Blues - 7 on 7 Attempt(s) - 100,00% - Score 0 goal in Penalty Kill

Team Stat

Avalanche - Hits : 20 - Faceoff Wins : 28 - Blocked Shots : 10 - Penalty Minutes : 6
Blues - Hits : 19 - Faceoff Wins : 37 - Blocked Shots : 7 - Penalty Minutes : 14

Official

Referees : Banfield David and Meier Brad
Linesman : Mike Cvik and Tony Sericolo

Game Notes

Sergei Shirokov is injured at 15:34 of 1st period (Bruised Right Leg)
John-Michael Liles is injured at 17:39 of 2nd period (Right Hip)
5:32 of 3rd period - Blues goal is going for a video replay. After video review, Goal.

Finance

Level 1 -- Attendance: 6000 (100,00%) -- Ticket Income 504 000 $
Level 2 -- Attendance: 5000 (100,00%) -- Ticket Income 260 000 $
Level 3 -- Attendance: 2000 (100,00%) -- Ticket Income 60 000 $
Level 4 -- Attendance: 4000 (100,00%) -- Ticket Income 76 000 $
Luxury Box -- Attendance: 1000 (100,00%) -- Ticket Income 169 000 $
Game was played at the Scotttrade center.
Total Attendance: 18000 (100,00%)
Total Ticket Income: 1 069 000 $
Other Income: 160 350 $
Total Income: 1 229 350 $

Avalanche

5 vs 5 Forward 
   Center                   Left Wing                Right Wing               Time % Phy DF OF 
 1 Ryan Getzlaf             Andrei Kostitsyn         Corey Perry              35     1   2  2  
 2 Bryan Little             Ryan Smyth               Jason Pominville         35     1   2  2  
 3 Mike Comrie              Mikkel Boedker           Chuck Kobasew            15     1   2  2  
 4 Michal Handzus           Andrew Ladd              Brandon Yip              15     1   2  2  

5 vs 5 Defense 
   Defense                  Defense                                           Time % Phy DF OF 
 1 Jack Johnson             Pernell Karl Subban                               40     1   2  2  
 2 Shane O'Brien            Sergei Gonchar                                    35     1   2  2  
 3 John-Michael Liles       Tim Ramholt                                       25     1   2  2  
 4 Jack Johnson             Shane O'Brien                                     0      1   2  2  

PowerPlay Forward 
   Center                   Left Wing                Right Wing               Time % Phy DF OF 
 1 Ryan Getzlaf             Andrei Kostitsyn         Corey Perry              60     1   2  2  
 2 Bryan Little             Ryan Smyth               Jason Pominville         40     1   2  2  

PowerPlay Defense
   Defense                  Defense                                           Time % Phy DF OF 
 1 Jack Johnson             John-Michael Liles                                60     1   2  2  
 2 Pernell Karl Subban      Sergei Gonchar                                    40     1   2  2  

Penalty Kill 4 Players Forward 
   Center                   Wing                     Time % Phy DF OF 
 1 Mike Comrie              Chuck Kobasew            60     1   2  2  
 2 Michal Handzus           Andrew Ladd              40     1   2  2  

Penalty Kill 4 Players Defense
   Defense                  Defense                  Time % Phy DF OF 
 1 Jack Johnson             Shane O'Brien            60     1   2  2  
 2 Pernell Karl Subban      Tim Ramholt              40     1   2  2  

Penalty Kill - 3 Players Forward 
   Forward                                           Time % Phy DF OF 
 1 Ryan Getzlaf                                      60     1   2  2  
 2 Jason Pominville                                  40     1   2  2  

Penalty Kill - 3 Players Defense
   Defense                  Defense                  Time % Phy DF OF 
 1 Jack Johnson             Shane O'Brien            60     1   2  2  
 2 Pernell Karl Subban      Tim Ramholt              40     1   2  2  

4 vs 4 Forward 
   Center                   Wing                     Time % Phy DF OF 
 1 Corey Perry              Andrei Kostitsyn         60     1   2  2  
 2 Jason Pominville         Ryan Smyth               40     1   2  2  

4 vs 4 Defense
   Defense                  Defense                  Time % Phy DF OF 
 1 Jack Johnson             Shane O'Brien            60     1   2  2  
 2 Pernell Karl Subban      Sergei Gonchar           40     1   2  2  

Last Minutes Offensive
   Center                   Left Wing                Right Wing               Defense                  Defense                  
   Ryan Getzlaf             Andrei Kostitsyn         Corey Perry              Jack Johnson             Sergei Gonchar           

Last Minutes Defensive
   Center                   Left Wing                Right Wing               Defense                  Defense                  
   Mike Comrie              Ryan Smyth               Jason Pominville         Jack Johnson             Pernell Karl Subban      

Goaltenders
Starting : Jimmy Howard             
Backup : Semyon Varlamov          

Extra Forwards
Normal : Ryan Getzlaf, Andrew Ladd, Mikkel Boedker - PP : Ryan Getzlaf, Andrew Ladd - PK : Mikkel Boedker
Extra Defensemen
Normal : Jack Johnson, Tim Ramholt, Pernell Karl Subban - PP : Jack Johnson - PK : Tim Ramholt, Pernell Karl Subban
Penalty Shots
Corey Perry, Andrei Kostitsyn, Jason Pominville, Ryan Smyth, Mike Comrie

Blues

5 vs 5 Forward 
   Center                   Left Wing                Right Wing               Time % Phy DF OF 
 1 Travis Zajac             David Perron             Joe Pavelski             40     1   2  2  
 2 Nicklas Backstrom        Guillaume Latendresse    Darren Reid              30     1   2  2  
 3 Nik Antropov             Paul Kariya              Sergei Shirokov          20     1   2  2  
 4 Tyler Arnason            Taylor Pyatt             Lee Stempniak            10     1   2  2  

5 vs 5 Defense 
   Defense                  Defense                                           Time % Phy DF OF 
 1 Bryce Lampman            Alex Pietrangelo                                  40     1   2  2  
 2 Drew Fata                Jake Gardiner                                     30     1   2  2  
 3 Lasse Kukkonen           Ryan Whitney                                      20     1   2  2  
 4 Lasse Kukkonen           Ryan Whitney                                      10     1   2  2  

PowerPlay Forward 
   Center                   Left Wing                Right Wing               Time % Phy DF OF 
 1 Travis Zajac             David Perron             Joe Pavelski             60     1   2  2  
 2 Nicklas Backstrom        Paul Kariya              Darren Reid              40     1   2  2  

PowerPlay Defense
   Defense                  Defense                                           Time % Phy DF OF 
 1 Jake Gardiner            Alex Pietrangelo                                  60     1   2  2  
 2 Lasse Kukkonen           Ryan Whitney                                      40     1   2  2  

Penalty Kill 4 Players Forward 
   Center                   Wing                     Time % Phy DF OF 
 1 Nik Antropov             Taylor Pyatt             60     1   2  2  
 2 Tyler Arnason            Sergei Shirokov          40     1   2  2  

Penalty Kill 4 Players Defense
   Defense                  Defense                  Time % Phy DF OF 
 1 Bryce Lampman            Lasse Kukkonen           60     1   2  2  
 2 Alex Pietrangelo         Drew Fata                40     1   2  2  

Penalty Kill - 3 Players Forward 
   Forward                                           Time % Phy DF OF 
 1 Taylor Pyatt                                      60     1   2  2  
 2 Nik Antropov                                      40     1   2  2  

Penalty Kill - 3 Players Defense
   Defense                  Defense                  Time % Phy DF OF 
 1 Bryce Lampman            Lasse Kukkonen           60     1   2  2  
 2 Alex Pietrangelo         Drew Fata                40     1   2  2  

4 vs 4 Forward 
   Center                   Wing                     Time % Phy DF OF 
 1 Travis Zajac             David Perron             60     1   2  2  
 2 Nicklas Backstrom        Joe Pavelski             40     1   2  2  

4 vs 4 Defense
   Defense                  Defense                  Time % Phy DF OF 
 1 Bryce Lampman            Lasse Kukkonen           60     1   2  2  
 2 Alex Pietrangelo         Jake Gardiner            40     1   2  2  

Last Minutes Offensive
   Center                   Left Wing                Right Wing               Defense                  Defense                  
   Travis Zajac             David Perron             Joe Pavelski             Jake Gardiner            Alex Pietrangelo         

Last Minutes Defensive
   Center                   Left Wing                Right Wing               Defense                  Defense                  
   Nik Antropov             Guillaume Latendresse    Joe Pavelski             Bryce Lampman            Drew Fata                

Goaltenders
Starting : Tuukka Rask              
Backup : Adam Munro               

Extra Forwards
Normal : Nicklas Backstrom, David Perron, Sergei Shirokov - PP : Nicklas Backstrom, David Perron - PK : Sergei Shirokov
Extra Defensemen
Normal : Lasse Kukkonen, Drew Fata, Jake Gardiner - PP : Drew Fata - PK : Jake Gardiner, Ryan Whitney
Penalty Shots
Travis Zajac, Nik Antropov, Paul Kariya, Joe Pavelski, Nicklas Backstrom

% Time on Ice - Avalanche

Lines # - Real PCT - Wanted PCT - Time Play
Normal Forward
1 - 31% - 35% - 13:44
2 - 32% - 35% - 14:24
3 - 18% - 15% - 7:54
4 - 19% - 15% - 8:17
Normal Defense
1 - 31% - 40% - 13:56
2 - 32% - 35% - 14:02
3 - 32% - 25% - 14:05
4 - 5% - 0% - 2:16
PP Forward
1 - 56% - 60% - 6:53
2 - 44% - 40% - 5:18
PP Defense
1 - 74% - 60% - 9:04
2 - 26% - 40% - 3:07
PK Forward
1 - 100% - 60% - 1:33
2 - 0% - 40% - 0:00
PK Defense
1 - 83% - 60% - 1:17
2 - 17% - 40% - 0:16
PK3 Forward
1 - 100% - 60% - 0:15
2 - 0% - 40% - 0:00
PK3 Defense
1 - 100% - 60% - 0:15
2 - 0% - 40% - 0:00
44 Forward
1 - 100% - 60% - 1:42
2 - 0% - 40% - 0:00
44 Defense
1 - 61% - 60% - 1:02
2 - 39% - 40% - 0:40
Last Minute Offensive  - 0:00
Last Minute Defensive  - 0:00
Total
Forward - 60:00
Defense - 60:00

% Time on Ice - Blues

Lines # - Real PCT - Wanted PCT - Time Play
Normal Forward
1 - 37% - 40% - 16:21
2 - 23% - 30% - 10:18
3 - 21% - 20% - 9:14
4 - 19% - 10% - 8:26
Normal Defense
1 - 41% - 40% - 18:07
2 - 32% - 30% - 14:15
3 - 20% - 20% - 8:49
4 - 7% - 10% - 3:08
PP Forward
1 - 60% - 60% - 1:05
2 - 40% - 40% - 0:43
PP Defense
1 - 100% - 60% - 1:48
2 - 0% - 40% - 0:00
PK Forward
1 - 66% - 60% - 8:06
2 - 34% - 40% - 4:05
PK Defense
1 - 58% - 60% - 7:06
2 - 42% - 40% - 5:05
PK3 Forward
1 - 0% - 60%
2 - 0% - 40%
PK3 Defense
1 - 0% - 60%
2 - 0% - 40%
44 Forward
1 - 93% - 60% - 1:35
2 - 7% - 40% - 0:07
44 Defense
1 - 61% - 60% - 1:02
2 - 39% - 40% - 0:40
Last Minute Offensive  - 0:00
Last Minute Defensive  - 0:00
Total
Forward - 60:00
Defense - 60:00

Play by Play

1st period


0:01 of 1st period - Travis Zajac wins face-off versus Ryan Getzlaf in neutral zone.
1:15 of 1st period - Wrist shot by Tyler Arnason.
1:15 of 1st period - Shot Misses the Net.
1:17 of 1st period - Snap shot by Alex Pietrangelo.
1:17 of 1st period - Stopped by Jimmy Howard with a rebound.
1:33 of 1st period - Snap shot by Corey Perry.
1:33 of 1st period - Stopped by Tuukka Rask with a rebound.
1:35 of 1st period - Snap shot by Corey Perry.
1:35 of 1st period - Shot Misses the Net.
1:37 of 1st period - Snap shot by Corey Perry.
1:37 of 1st period - Stopped by Tuukka Rask with a rebound.
2:13 of 1st period - Wrist shot by Nik Antropov.
2:13 of 1st period - Shot Misses the Net.
2:15 of 1st period - Wrist shot by Nik Antropov.
2:15 of 1st period - Shot Blocked by Chuck Kobasew.
2:38 of 1st period - Wrist shot by Corey Perry.
2:38 of 1st period - Stopped by Tuukka Rask with a rebound.
2:54 of 1st period - Snap shot by Andrew Ladd.
2:54 of 1st period - Stopped by Tuukka Rask with a rebound.
2:56 of 1st period - Wrist shot by Andrew Ladd.
2:56 of 1st period - Shot Blocked by Lee Stempniak.
2:58 of 1st period - Slapshot by Andrew Ladd.
2:58 of 1st period - Stopped by Tuukka Rask without a rebound.
2:59 of 1st period - Michal Handzus wins face-off versus Travis Zajac in Blues zone.
3:10 of 1st period - Slapshot by Michal Handzus.
3:10 of 1st period - Deflect By Brandon Yip.
3:10 of 1st period - Stopped by Tuukka Rask with a rebound.
3:32 of 1st period - Lasse Kukkonen is hit by Jason Pominville and loses puck.
3:44 of 1st period - Off-side.
3:45 of 1st period - Nik Antropov wins face-off versus Ryan Getzlaf in neutral zone.
3:50 of 1st period - Snap shot by Nik Antropov.
3:50 of 1st period - Shot Misses the Net.
4:06 of 1st period - Bryce Lampman is hit by Shane O'Brien and loses puck.
4:23 of 1st period - Wrist shot by Ryan Getzlaf.
4:23 of 1st period - Stopped by Tuukka Rask without a rebound.
4:24 of 1st period - Bryan Little wins face-off versus Travis Zajac in Blues zone.
4:29 of 1st period - Wrist shot by Bryan Little.
4:29 of 1st period - Stopped by Tuukka Rask without a rebound.
4:30 of 1st period - Travis Zajac wins face-off versus Bryan Little in Blues zone.
5:35 of 1st period - Wrist shot by Ryan Smyth.
5:35 of 1st period - Shot Misses the Net.
5:37 of 1st period - Snap shot by Jason Pominville.
5:37 of 1st period - Shot Misses the Net.
5:39 of 1st period - Slapshot by Jack Johnson.
5:39 of 1st period - Stopped by Tuukka Rask without a rebound.
5:40 of 1st period - Nicklas Backstrom wins face-off versus Ryan Getzlaf in Blues zone.
5:55 of 1st period - Slapshot by Andrei Kostitsyn.
5:55 of 1st period - Stopped by Tuukka Rask with a rebound.
6:12 of 1st period - Nik Antropov is hit by Shane O'Brien and loses puck.
7:35 of 1st period - Bryce Lampman is hit by Andrei Kostitsyn and loses puck.
7:48 of 1st period - Snap shot by Jason Pominville.
7:48 of 1st period - Shot Misses the Net.
7:59 of 1st period - Off-side.
8:00 of 1st period - Paul Kariya wins face-off versus Michal Handzus in neutral zone.
8:14 of 1st period - Icing by Andrew Ladd.
8:15 of 1st period - Travis Zajac wins face-off versus Michal Handzus in Avalanche zone.
8:24 of 1st period - Snap shot by Travis Zajac.
8:24 of 1st period - Deflect By Joe Pavelski.
8:24 of 1st period - Shot Misses the Net.
8:24 of 1st period - Puck is out of play.
8:25 of 1st period - Bryan Little wins face-off versus Travis Zajac in Avalanche zone.
8:27 of 1st period - Jason Pominville is hit by Joe Pavelski and loses puck.
8:51 of 1st period - Minor Penalty to Travis Zajac for Cross-checking.
8:52 of 1st period - Ryan Getzlaf wins face-off versus Nik Antropov in Blues zone.
8:55 of 1st period - Slapshot by Corey Perry.
8:55 of 1st period - Deflect By Andrei Kostitsyn.
8:55 of 1st period - Shot Blocked by Nik Antropov.
8:55 of 1st period - Puck is out of play.
8:56 of 1st period - Nik Antropov wins face-off versus Ryan Getzlaf in Blues zone.
9:06 of 1st period - Snap shot by John-Michael Liles.
9:06 of 1st period - Shot Misses the Net.
9:08 of 1st period - Snap shot by John-Michael Liles.
9:08 of 1st period - Stopped by Tuukka Rask without a rebound.
9:09 of 1st period - Ryan Getzlaf wins face-off versus Taylor Pyatt in Blues zone.
10:24 of 1st period - Andrei Kostitsyn is hit by Bryce Lampman and loses puck.
10:51 of 1st period - Penalty to Travis Zajac is over, Travis Zajac is back on ice.
11:34 of 1st period - Wrist shot by Taylor Pyatt.
11:34 of 1st period - Shot Misses the Net.
11:51 of 1st period - Jason Pominville is hit by Nik Antropov and loses puck.
11:58 of 1st period - Wrist shot by Nik Antropov.
11:58 of 1st period - Stopped by Jimmy Howard without a rebound.
11:59 of 1st period - Travis Zajac wins face-off versus Ryan Getzlaf in Avalanche zone.
12:28 of 1st period - Icing by Andrei Kostitsyn.
12:29 of 1st period - Nik Antropov wins face-off versus Ryan Getzlaf in Avalanche zone.
12:38 of 1st period - Slapshot by Andrei Kostitsyn.
12:38 of 1st period - Stopped by Tuukka Rask without a rebound.
12:39 of 1st period - Nicklas Backstrom wins face-off versus Bryan Little in Blues zone.
12:41 of 1st period - Minor Penalty to Darren Reid for Tripping.
12:42 of 1st period - Ryan Getzlaf wins face-off versus Nik Antropov in Blues zone.
13:55 of 1st period - Slapshot by Bryan Little.
13:55 of 1st period - Shot Misses the Net.
13:57 of 1st period - Wrist shot by Ryan Smyth.
13:57 of 1st period - Stopped by Tuukka Rask without a rebound.
13:58 of 1st period - Tyler Arnason wins face-off versus Corey Perry in Blues zone.
14:41 of 1st period - Penalty to Darren Reid is over, Darren Reid is back on ice.
14:53 of 1st period - Snap shot by Joe Pavelski.
14:53 of 1st period - Deflect By Chuck Kobasew.
14:53 of 1st period - Stopped by Jimmy Howard with a rebound.
15:01 of 1st period - Travis Zajac is hit by Tim Ramholt and loses puck.
15:12 of 1st period - Bryce Lampman is hit by Andrew Ladd and loses puck.
15:33 of 1st period - Sergei Shirokov is hit by Shane O'Brien and loses puck.
15:34 of 1st period - Sergei Shirokov from Blues is injured at 15:34 of 1st period (Bruised Right Leg).
15:35 of 1st period - Ryan Getzlaf wins face-off versus Nicklas Backstrom in Blues zone.
17:26 of 1st period - Snap shot by Darren Reid.
17:26 of 1st period - Stopped by Jimmy Howard without a rebound.
17:27 of 1st period - Bryan Little wins face-off versus Nicklas Backstrom in Avalanche zone.
17:38 of 1st period - Slapshot by Bryan Little.
17:38 of 1st period - Shot Blocked by Darren Reid.
17:40 of 1st period - Snap shot by Jason Pominville.
17:40 of 1st period - Deflect By Bryan Little.
17:40 of 1st period - Shot Misses the Net.
17:40 of 1st period - Puck is out of play.
17:41 of 1st period - Corey Perry wins face-off versus Travis Zajac in Blues zone.
18:06 of 1st period - Jack Johnson is hit by Ryan Whitney and loses puck.
18:15 of 1st period - Snap shot by Nik Antropov.
18:15 of 1st period - Deflect By Bryan Little.
18:15 of 1st period - Shot Misses the Net.
18:15 of 1st period - Puck is out of play.
18:16 of 1st period - Nicklas Backstrom wins face-off versus Ryan Getzlaf in Avalanche zone.
19:04 of 1st period - Wrist shot by Andrew Ladd.
19:04 of 1st period - Shot Misses the Net.
19:24 of 1st period - Slapshot by Alex Pietrangelo.
19:24 of 1st period - Shot Misses the Net.
19:26 of 1st period - Snap shot by Tyler Arnason.
19:26 of 1st period - Shot Blocked by Pernell Karl Subban.
19:28 of 1st period - Snap shot by Tyler Arnason.
19:28 of 1st period - Shot Blocked by Mike Comrie.
19:30 of 1st period - Snap shot by Taylor Pyatt.
19:30 of 1st period - Stopped by Jimmy Howard with a rebound.
19:32 of 1st period - Slapshot by Bryce Lampman.
19:32 of 1st period - Stopped by Jimmy Howard without a rebound.
19:33 of 1st period - Travis Zajac wins face-off versus Ryan Getzlaf in Avalanche zone.
19:40 of 1st period - Slapshot by Travis Zajac.
19:40 of 1st period - Stopped by Jimmy Howard with a rebound.
19:42 of 1st period - Snap shot by Joe Pavelski.
19:42 of 1st period - Shot Blocked by John-Michael Liles.
19:44 of 1st period - Slapshot by Alex Pietrangelo.
19:44 of 1st period - Shot Misses the Net.
Goals for this period are 0 for Avalanche vs 0 for Blues.
Shots for this period are 13 for Avalanche vs 7 for Blues.

2nd period


0:01 of 2nd period - Ryan Getzlaf wins face-off versus Nicklas Backstrom in neutral zone.
0:01 of 2nd period - Andrei Kostitsyn is hit by Guillaume Latendresse and loses puck.
0:27 of 2nd period - Bryce Lampman is hit by Jason Pominville and loses puck.
0:34 of 2nd period - Backhand shot by Ryan Smyth.
0:34 of 2nd period - Stopped by Tuukka Rask without a rebound.
0:35 of 2nd period - Ryan Getzlaf wins face-off versus Travis Zajac in Blues zone.
0:50 of 2nd period - Andrei Kostitsyn is hit by Joe Pavelski and loses puck.
1:03 of 2nd period - Snap shot by Bryan Little.
1:03 of 2nd period - Deflect By Jason Pominville.
1:03 of 2nd period - Shot Blocked by Ryan Whitney.
1:03 of 2nd period - Puck is out of play.
1:04 of 2nd period - Nicklas Backstrom wins face-off versus Bryan Little in Blues zone.
1:29 of 2nd period - Jack Johnson is hit by David Perron and loses puck.
2:14 of 2nd period - Slapshot by Alex Pietrangelo.
2:14 of 2nd period - Deflect By Lee Stempniak.
2:14 of 2nd period - Stopped by Jimmy Howard without a rebound.
2:15 of 2nd period - Bryan Little wins face-off versus Tyler Arnason in Avalanche zone.
2:20 of 2nd period - Wrist shot by Taylor Pyatt.
2:20 of 2nd period - Stopped by Jimmy Howard with a rebound.
2:22 of 2nd period - Slapshot by Lasse Kukkonen.
2:22 of 2nd period - Stopped by Jimmy Howard with a rebound.
2:30 of 2nd period - Wrist shot by Tyler Arnason.
2:30 of 2nd period - Stopped by Jimmy Howard without a rebound.
2:31 of 2nd period - Ryan Getzlaf wins face-off versus Nicklas Backstrom in Avalanche zone.
2:31 of 2nd period - Ryan Getzlaf is hit by Jake Gardiner.
2:57 of 2nd period - Ryan Smyth is hit by David Perron and loses puck.
3:04 of 2nd period - Slapshot by Joe Pavelski.
3:04 of 2nd period - Shot Blocked by Jason Pominville.
3:06 of 2nd period - Wrist shot by Joe Pavelski.
3:06 of 2nd period - Deflect By David Perron.
3:06 of 2nd period - Stopped by Jimmy Howard with a rebound.
3:08 of 2nd period - Slapshot by Drew Fata.
3:08 of 2nd period - Shot Misses the Net.
3:35 of 2nd period - Off-side.
3:36 of 2nd period - Tyler Arnason wins face-off versus Michal Handzus in neutral zone.
3:38 of 2nd period - Off-side.
3:39 of 2nd period - Andrew Ladd wins face-off versus Lee Stempniak in neutral zone.
4:04 of 2nd period - Taylor Pyatt is hit by Jason Pominville and loses puck.
4:31 of 2nd period - Wrist shot by Nicklas Backstrom.
4:31 of 2nd period - Stopped by Jimmy Howard without a rebound.
4:32 of 2nd period - Nicklas Backstrom wins face-off versus Andrei Kostitsyn in Avalanche zone.
5:20 of 2nd period - Wrist shot by Brandon Yip.
5:20 of 2nd period - Stopped by Tuukka Rask with a rebound.
5:24 of 2nd period - Slapshot by Michal Handzus.
5:24 of 2nd period - Shot Blocked by Paul Kariya.
5:28 of 2nd period - Slapshot by Michal Handzus.
5:28 of 2nd period - Stopped by Tuukka Rask without a rebound.
5:29 of 2nd period - Ryan Getzlaf wins face-off versus Travis Zajac in Blues zone.
5:30 of 2nd period - Snap shot by Corey Perry.
5:30 of 2nd period - Stopped by Tuukka Rask without a rebound.
5:31 of 2nd period - Travis Zajac wins face-off versus Ryan Getzlaf in Blues zone.
5:36 of 2nd period - Slapshot by David Perron.
5:36 of 2nd period - Deflect By Travis Zajac.
5:36 of 2nd period - Shot Blocked by Andrei Kostitsyn.
5:36 of 2nd period - Puck is out of play.
5:37 of 2nd period - Travis Zajac wins face-off versus Andrei Kostitsyn in Avalanche zone.
5:38 of 2nd period - Snap shot by David Perron.
5:38 of 2nd period - Stopped by Jimmy Howard with a rebound.
6:02 of 2nd period - Snap shot by Joe Pavelski.
6:02 of 2nd period - Shot Blocked by Jack Johnson.
6:05 of 2nd period - Minor Penalty to Drew Fata for Hooking.
6:06 of 2nd period - Nik Antropov wins face-off versus Bryan Little in Blues zone.
8:00 of 2nd period - Corey Perry is hit by Taylor Pyatt and loses puck.
8:05 of 2nd period - Penalty to Drew Fata is over, Drew Fata is back on ice.
9:51 of 2nd period - Snap shot by Joe Pavelski.
9:51 of 2nd period - Shot Misses the Net.
9:53 of 2nd period - Wrist shot by Joe Pavelski.
9:53 of 2nd period - Shot Misses the Net.
9:55 of 2nd period - Slapshot by Jake Gardiner.
9:55 of 2nd period - Deflect By Andrew Ladd.
9:55 of 2nd period - Goal by Jake Gardiner - Avalanche : 0 - Blues : 1.
9:56 of 2nd period - Darren Reid wins face-off versus Bryan Little in neutral zone.
10:07 of 2nd period - Snap shot by Ryan Smyth.
10:07 of 2nd period - Shot Misses the Net.
10:09 of 2nd period - Slapshot by Jack Johnson.
10:09 of 2nd period - Stopped by Tuukka Rask with a rebound.
10:11 of 2nd period - Wrist shot by Jason Pominville.
10:11 of 2nd period - Shot Blocked by Drew Fata.
10:42 of 2nd period - Snap shot by Tyler Arnason.
10:42 of 2nd period - Stopped by Jimmy Howard with a rebound.
10:44 of 2nd period - Wrist shot by Tyler Arnason.
10:44 of 2nd period - Shot Misses the Net.
10:46 of 2nd period - Wrist shot by Taylor Pyatt.
10:46 of 2nd period - Shot Misses the Net.
11:38 of 2nd period - Snap shot by Joe Pavelski.
11:38 of 2nd period - Goal by Joe Pavelski - Avalanche : 0 - Blues : 2.
11:39 of 2nd period - Nicklas Backstrom wins face-off versus Ryan Getzlaf in neutral zone.
11:48 of 2nd period - Darren Reid is hit by Andrei Kostitsyn and loses puck.
12:14 of 2nd period - Snap shot by Ryan Smyth.
12:14 of 2nd period - Stopped by Tuukka Rask without a rebound.
12:15 of 2nd period - Nicklas Backstrom wins face-off versus Bryan Little in Blues zone.
12:25 of 2nd period - Minor Penalty to Jake Gardiner for Cross-checking.
12:26 of 2nd period - Nik Antropov wins face-off versus Ryan Getzlaf in Blues zone.
12:36 of 2nd period - Off-side.
12:37 of 2nd period - Nik Antropov wins face-off versus Ryan Getzlaf in neutral zone.
14:24 of 2nd period - Pernell Karl Subban is hit by Guillaume Latendresse.
14:25 of 2nd period - Penalty to Jake Gardiner is over, Jake Gardiner is back on ice.
15:15 of 2nd period - Snap shot by Nicklas Backstrom.
15:15 of 2nd period - Shot Misses the Net.
15:31 of 2nd period - Wrist shot by Andrei Kostitsyn.
15:31 of 2nd period - Shot Misses the Net.
16:07 of 2nd period - Snap shot by David Perron.
16:07 of 2nd period - Goal by David Perron - Avalanche : 0 - Blues : 3.
16:08 of 2nd period - Nicklas Backstrom wins face-off versus Jason Pominville in neutral zone.
16:15 of 2nd period - Lasse Kukkonen is hit by Ryan Smyth and loses puck.
16:39 of 2nd period - Wrist shot by Andrei Kostitsyn.
16:39 of 2nd period - Shot Blocked by Joe Pavelski.
16:41 of 2nd period - Wrist shot by Ryan Getzlaf.
16:41 of 2nd period - Shot Misses the Net.
16:43 of 2nd period - Wrist shot by Ryan Getzlaf.
16:43 of 2nd period - Stopped by Tuukka Rask with a rebound.
16:45 of 2nd period - Snap shot by Corey Perry.
16:45 of 2nd period - Stopped by Tuukka Rask without a rebound.
16:46 of 2nd period - Nicklas Backstrom wins face-off versus Bryan Little in Blues zone.
17:38 of 2nd period - John-Michael Liles is hit by Paul Kariya and loses puck.
17:39 of 2nd period - John-Michael Liles from Avalanche is injured at 17:39 of 2nd period (Right Hip).
17:40 of 2nd period - Corey Perry wins face-off versus Travis Zajac in Avalanche zone.
17:40 of 2nd period - Corey Perry is hit by David Perron.
17:56 of 2nd period - Slapshot by Joe Pavelski.
17:56 of 2nd period - Stopped by Jimmy Howard with a rebound.
18:33 of 2nd period - Wrist shot by Brandon Yip.
18:33 of 2nd period - Stopped by Tuukka Rask without a rebound.
18:34 of 2nd period - Michal Handzus wins face-off versus Nicklas Backstrom in Blues zone.
18:45 of 2nd period - Snap shot by Nicklas Backstrom.
18:45 of 2nd period - Stopped by Jimmy Howard with a rebound.
18:47 of 2nd period - Slapshot by Guillaume Latendresse.
18:47 of 2nd period - Stopped by Jimmy Howard without a rebound.
18:48 of 2nd period - Bryan Little wins face-off versus Travis Zajac in Avalanche zone.
18:55 of 2nd period - Jake Gardiner is hit by Jack Johnson and loses puck.
19:42 of 2nd period - Shane O'Brien is hit by Paul Kariya.
19:54 of 2nd period - Lee Stempniak is hit by Andrew Ladd and loses puck.
Goals for this period are 0 for Avalanche vs 3 for Blues.
Shots for this period are 9 for Avalanche vs 14 for Blues.

3rd period


0:01 of 3rd period - Travis Zajac wins face-off versus Ryan Getzlaf in neutral zone.
0:55 of 3rd period - Wrist shot by Nik Antropov.
0:55 of 3rd period - Stopped by Jimmy Howard without a rebound.
0:56 of 3rd period - Nik Antropov wins face-off versus Ryan Getzlaf in Avalanche zone.
1:21 of 3rd period - Ryan Whitney is hit by Sergei Gonchar and loses puck.
2:32 of 3rd period - Wrist shot by Paul Kariya.
2:32 of 3rd period - Stopped by Jimmy Howard with a rebound.
2:41 of 3rd period - Off-side.
2:42 of 3rd period - Bryan Little wins face-off versus Tyler Arnason in neutral zone.
2:59 of 3rd period - Jason Pominville is hit by Taylor Pyatt and loses puck.
3:08 of 3rd period - Snap shot by Taylor Pyatt.
3:08 of 3rd period - Stopped by Jimmy Howard with a rebound.
3:30 of 3rd period - Wrist shot by Lee Stempniak.
3:30 of 3rd period - Shot Misses the Net.
3:32 of 3rd period - Slapshot by Drew Fata.
3:32 of 3rd period - Deflect By Bryan Little.
3:32 of 3rd period - Stopped by Jimmy Howard with a rebound.
3:48 of 3rd period - Wrist shot by Bryan Little.
3:48 of 3rd period - Shot Misses the Net.
4:01 of 3rd period - Minor Penalty to Ryan Smyth for Tripping.
4:02 of 3rd period - Mike Comrie wins face-off versus Travis Zajac in Avalanche zone.
4:02 of 3rd period - Mike Comrie is hit by Travis Zajac.
4:07 of 3rd period - Slapshot by David Perron.
4:07 of 3rd period - Shot Blocked by Pernell Karl Subban.
4:09 of 3rd period - Slapshot by Travis Zajac.
4:09 of 3rd period - Stopped by Jimmy Howard without a rebound.
4:10 of 3rd period - Mike Comrie wins face-off versus Joe Pavelski in Avalanche zone.
4:10 of 3rd period - Mike Comrie is hit by Joe Pavelski.
4:41 of 3rd period - Minor Penalty to Mike Comrie for Tripping.
4:42 of 3rd period - Nicklas Backstrom wins face-off versus Ryan Getzlaf in Avalanche zone.
4:46 of 3rd period - Snap shot by Darren Reid.
4:46 of 3rd period - Shot Misses the Net.
4:50 of 3rd period - Snap shot by Nicklas Backstrom.
4:50 of 3rd period - Shot Blocked by Shane O'Brien.
4:52 of 3rd period - Slapshot by Jake Gardiner.
4:52 of 3rd period - Stopped by Jimmy Howard with a rebound.
4:54 of 3rd period - Slapshot by Jake Gardiner.
4:54 of 3rd period - Stopped by Jimmy Howard with a rebound.
4:56 of 3rd period - Snap shot by Jake Gardiner.
4:56 of 3rd period - Goal by Jake Gardiner - Avalanche : 0 - Blues : 4.
4:57 of 3rd period - Travis Zajac wins face-off versus Mikkel Boedker in neutral zone.
5:00 of 3rd period - Slapshot by Alex Pietrangelo.
5:00 of 3rd period - Shot Misses the Net.
5:06 of 3rd period - Snap shot by Joe Pavelski.
5:06 of 3rd period - Stopped by Jimmy Howard with a rebound.
5:28 of 3rd period - Slapshot by Jake Gardiner.
5:28 of 3rd period - Shot Misses the Net.
5:30 of 3rd period - Slapshot by Paul Kariya.
5:30 of 3rd period - Shot Blocked by Bryan Little.
5:32 of 3rd period - Wrist shot by Paul Kariya.
5:32 of 3rd period - Blues goal is going for a video replay.
5:32 of 3rd period - The goal is good.
5:32 of 3rd period - Goal by Paul Kariya - Avalanche : 0 - Blues : 5.
5:33 of 3rd period - Travis Zajac wins face-off versus Ryan Getzlaf in neutral zone.
5:38 of 3rd period - Wrist shot by David Perron.
5:38 of 3rd period - Stopped by Jimmy Howard with a rebound.
5:40 of 3rd period - Slapshot by Alex Pietrangelo.
5:40 of 3rd period - Stopped by Jimmy Howard with a rebound.
5:42 of 3rd period - Slapshot by Bryce Lampman.
5:42 of 3rd period - Shot Misses the Net.
6:11 of 3rd period - Slapshot by Ryan Getzlaf.
6:11 of 3rd period - Stopped by Tuukka Rask without a rebound.
6:12 of 3rd period - Travis Zajac wins face-off versus Bryan Little in Blues zone.
6:31 of 3rd period - David Perron is hit by Shane O'Brien and loses puck.
6:38 of 3rd period - Minor Penalty to Ryan Whitney for Hooking.
6:39 of 3rd period - Andrei Kostitsyn wins face-off versus Nik Antropov in Blues zone.
7:29 of 3rd period - Wrist shot by Andrei Kostitsyn.
7:29 of 3rd period - Shot Misses the Net.
7:31 of 3rd period - Snap shot by Jack Johnson.
7:31 of 3rd period - Stopped by Tuukka Rask without a rebound.
7:32 of 3rd period - Bryan Little wins face-off versus Nik Antropov in Blues zone.
8:38 of 3rd period - Penalty to Ryan Whitney is over, Ryan Whitney is back on ice.
9:04 of 3rd period - Guillaume Latendresse is hit by Mike Comrie.
10:15 of 3rd period - Nicklas Backstrom is hit by Andrei Kostitsyn.
10:25 of 3rd period - Jake Gardiner is hit by Michal Handzus.
11:23 of 3rd period - Slapshot by Darren Reid.
11:23 of 3rd period - Stopped by Jimmy Howard with a rebound.
11:25 of 3rd period - Backhand shot by Tyler Arnason.
11:25 of 3rd period - Shot Misses the Net.
12:11 of 3rd period - Slapshot by Mikkel Boedker.
12:11 of 3rd period - Shot Misses the Net.
12:13 of 3rd period - Snap shot by Mike Comrie.
12:13 of 3rd period - Stopped by Tuukka Rask with a rebound.
12:30 of 3rd period - Off-side.
12:31 of 3rd period - Michal Handzus wins face-off versus Nik Antropov in neutral zone.
12:31 of 3rd period - Michal Handzus is hit by Paul Kariya.
13:42 of 3rd period - Off-side.
13:43 of 3rd period - Travis Zajac wins face-off versus Ryan Getzlaf in neutral zone.
13:57 of 3rd period - Minor Penalty to Lasse Kukkonen for Hooking.
13:58 of 3rd period - Nik Antropov wins face-off versus Ryan Getzlaf in Blues zone.
14:40 of 3rd period - Guillaume Latendresse is hit by Pernell Karl Subban.
15:57 of 3rd period - Penalty to Lasse Kukkonen is over, Lasse Kukkonen is back on ice.
16:05 of 3rd period - Snap shot by Brandon Yip.
16:05 of 3rd period - Stopped by Tuukka Rask without a rebound.
16:06 of 3rd period - Travis Zajac wins face-off versus Michal Handzus in Blues zone.
16:33 of 3rd period - Wrist shot by Paul Kariya.
16:33 of 3rd period - Shot Misses the Net.
16:51 of 3rd period - Slapshot by Bryan Little.
16:51 of 3rd period - Stopped by Tuukka Rask with a rebound.
16:53 of 3rd period - Wrist shot by Ryan Smyth.
16:53 of 3rd period - Stopped by Tuukka Rask without a rebound.
16:54 of 3rd period - Bryan Little wins face-off versus Travis Zajac in Blues zone.
17:01 of 3rd period - Snap shot by Bryan Little.
17:01 of 3rd period - Stopped by Tuukka Rask with a rebound.
17:03 of 3rd period - Slapshot by Pernell Karl Subban.
17:03 of 3rd period - Stopped by Tuukka Rask without a rebound.
17:04 of 3rd period - Ryan Getzlaf wins face-off versus Travis Zajac in Blues zone.
17:23 of 3rd period - Slapshot by Drew Fata.
17:23 of 3rd period - Stopped by Jimmy Howard without a rebound.
17:24 of 3rd period - Bryan Little wins face-off versus Nicklas Backstrom in Avalanche zone.
17:24 of 3rd period - Bryan Little is hit by Guillaume Latendresse.
17:33 of 3rd period - Minor Penalty to Bryce Lampman for Hooking.
17:34 of 3rd period - Nik Antropov wins face-off versus Ryan Getzlaf in Blues zone.
17:34 of 3rd period - Nik Antropov is hit by Jack Johnson.
17:50 of 3rd period - Minor Penalty to Corey Perry for Tripping.
17:51 of 3rd period - Travis Zajac wins face-off versus Ryan Getzlaf in Avalanche zone.
17:52 of 3rd period - Snap shot by David Perron.
17:52 of 3rd period - Stopped by Jimmy Howard without a rebound.
17:53 of 3rd period - Ryan Getzlaf wins face-off versus Travis Zajac in Avalanche zone.
19:33 of 3rd period - Penalty to Bryce Lampman is over, Bryce Lampman is back on ice.
19:50 of 3rd period - Penalty to Corey Perry is over, Corey Perry is back on ice.
Goals for this period are 0 for Avalanche vs 2 for Blues.
Shots for this period are 8 for Avalanche vs 15 for Blues.